 Dungeon Crawl Stone Soup version 0.25-a0-366-g516bc45ae0 (webtiles) character file.

Game seed: 2525719612880483905, levelgen mode: deterministic

112 sankara the Cutter (level 5, -8/34 HPs)
             Began as a Halfling Gladiator on Jan 6, 2020.
             Killed by divine providence
             ... invoked by an orc priest
              (11 damage)
             ... on level 3 of the Dungeon.
             The game lasted 00:09:36 (2094 turns).

sankara the Cutter (Halfling Gladiator)             Turns: 2094, Time: 00:09:37

Health: -8/34      AC:  4    Str: 15    XL:     5   Next: 16%
Magic:  5/5        EV: 15    Int:  6    God:
Gold:   55         SH:  5    Dex: 17    Spells: 4/4 levels left

rFire    . . .     SeeInvis .   a - +0 rapier
rCold    + . .     Gourm    .   t - +0 buckler
rNeg     . . .     Faith    .   e - +0 leather armour
rPois    .         Spirit   .   c - +0 helmet
rElec    .         Reflect  .   (no cloak)
rCorr    .         Harm     .   (no gloves)
MR       .....                  (no boots)
Stlth    ++........             (no amulet)
HPRegen  0.11/turn              w - ring of wizardry {Wiz+, !d}
MPRegen  0.09/turn              g - ring of protection from cold {rC+, !d}

@: no status effects
A: small, mutation resistance 1
a: no special abilities


You were on level 3 of the Dungeon.
You were not hungry.

You visited 1 branch of the dungeon, and saw 3 of its levels.

You collected 55 gold pieces.

Inventory:

Hand Weapons
 a - a +0 rapier (weapon)
 b - a +0 dagger
   (You took it off a kobold on level 1 of the Dungeon)
 n - a +0 hunting sling
   (You took it off a goblin on level 2 of the Dungeon)
Missiles
 d - 3 throwing nets {=f, !d}
 i - 81 stones (quivered)
 r - 50 sling bullets
 y - 5 curare-tipped darts
Armour
 c - a +0 helmet (worn)
 e - a +0 leather armour (worn)
 t - a +0 buckler (worn)
   (You found it on level 2 of the Dungeon)
Jewellery
 g - a ring of protection from cold (right hand) {rC+, !d}
   (You found it on level 3 of the Dungeon)
 w - a ring of wizardry (left hand) {Wiz+, !d}
   (You found it on level 3 of the Dungeon)
Scrolls
 h - 2 scrolls of identify {unknown}
 l - a scroll of amnesia {unknown}
 m - 2 scrolls of enchant armour {unknown}
 q - a scroll of teleportation {unknown}
 s - a scroll of blinking {unknown}
 v - 2 scrolls of fear {unknown}
 x - a scroll of remove curse {unknown}
Potions
 j - a potion of magic {unknown}
 k - a potion of brilliance {unknown}
 o - a potion of resistance {unknown}
 p - a potion of degeneration {unknown}
 u - a potion of heal wounds {unknown}
 z - a potion of agility {unknown}
Comestibles
 f - 8 rations


   Skills:
 - Level 1.7 Fighting
 * Level 5.1 Short Blades
 - Level 2.0 Throwing
 + Level 1.5 Armour
 - Level 4.0 Dodging
 + Level 2.1 Stealth
 + Level 0.4 Shields


You had 4 spell levels left.
You didn't know any spells.
Your spell library was empty.

Dungeon Overview and Level Annotations

Branches:
Dungeon (3/15)

Altars:
Xom
The Shining One


Innate Abilities, Weirdness & Mutations

You are small and have problems with some larger weapons.
You are somewhat resistant to further mutation.


Message History

The jackal bites you.
You barely miss the jackal. You block the jackal's attack.
You hit the jackal.
You kill the jackal!
You block the jackal's attack.
You closely miss the jackal.
The jackal bites you but does no damage.
You hit the jackal.
The jackal is moderately wounded.
The jackal closely misses you.
You closely miss the jackal.
The jackal is moderately wounded.
The jackal bites you but does no damage.
You barely miss the jackal.
The jackal is moderately wounded.
The jackal barely misses you.
The jackal bites you but does no damage.
You hit the jackal.
You kill the jackal!
The quokka bites you but does no damage.
You completely miss the quokka. The quokka barely misses you.
You barely miss the quokka. The quokka closely misses you.
You puncture the quokka!
You kill the quokka!
No target in view!
HP restored.
All of the chunks of flesh in your inventory have rotted away.
f - 7 rations (gained 1)
f - 8 rations (gained 1)
The gnoll is too close now for your liking.
Things that are here:
5 curare-tipped darts; a bubbling green potion
y - 5 curare-tipped darts;
z - a bubbling green potion The gnoll shouts!
The orc priest shouts!
The orc priest misses you.
You barely miss the orc priest.
The orc priest calls down the wrath of Beogh upon you.
Beogh smites you!
You hear a shout!
You hit the orc priest.
The orc priest is moderately wounded.
The orc priest barely misses you.
You hit the orc priest.
The orc priest is moderately wounded.
The orc priest hits you but does no damage.
You hit the orc priest but do no damage.
The orc priest is moderately wounded.
The orc priest closely misses you.
You hit the orc priest but do no damage.
The orc priest is moderately wounded.
The gnoll barely misses you. You block the orc priest's attack.
You hit the orc priest but do no damage.
The orc priest is moderately wounded.
The gnoll barely misses you.
The orc priest hits you but does no damage.
You puncture the orc priest!
The orc priest is almost dead.
The gnoll closely misses you. The orc closely misses you.
The orc priest hits you.
You hit the orc priest but do no damage.
The orc priest is almost dead.
You block the gnoll's attack. The orc completely misses you.
The orc priest barely misses you.
You hit the orc priest but do no damage.
The orc priest is almost dead.
You block the gnoll's attack. You block the orc's attack.
The orc priest invokes the aid of Beogh against you.
You barely resist.
You hit the orc priest but do no damage.
The orc priest is almost dead.
The gnoll barely misses you. The orc misses you.
The orc priest closely misses you.
You hit the orc priest but do no damage.
The orc priest is almost dead.
The gnoll completely misses you. The orc misses you.
The orc priest miscasts a cantrip.
You hit the orc priest but do no damage.
The orc priest is almost dead.
The gnoll completely misses you. You block the orc's attack.
The orc priest hits you but does no damage.
You hit the orc priest but do no damage.
The orc priest is almost dead.
You block the gnoll's attack. The orc hits you but does no damage.
The orc priest mumbles some strange prayers to Beogh against you.
Beogh smites you!
* * * LOW HITPOINT WARNING * * *
You hear a shout!
You hit the orc priest but do no damage.
The orc priest is almost dead.
The gnoll closely misses you. The orc barely misses you.
You block the orc priest's attack.
You completely miss the orc priest.
The orc priest is almost dead.
The gnoll hits you from afar with a +0 spear!
* * * LOW HITPOINT WARNING * * *
You block the orc's attack.
The orc priest invokes the aid of Beogh against you.
Beogh smites you!
You die...

.######......#####..#
#..##..#.## .# #......#
#...#..##.##. .#
###....##### #......g####
.## #.#####..####.##.......#
..##### #.# #..#..
#...###..# ......###.#
###.##.# ##...# ..
.####..##.###.<.#..# #....#
.#####........###.#####....#
...............o@.g.......##
.##########..)##o#####.#..#
.# ###.##.# #.....## .#
#..#.# #..>.## ## ##.#.#
#....# # #...# #....# #
########..####....#########
#
#............#.............
#
#..................########


You could see an orc priest, a gnoll and an orc.

Vanquished Creatures
  An orc wizard (D:2)
  An adder (D:3)
  An ooze (D:2)
  2 worms (D:2)
  A dart slug (D:1)
  A leopard gecko (D:2)
  5 orcs (D:2)
  9 bats
  5 giant cockroaches
  8 goblins
  6 hobgoblins
  3 jackals (D:3)
  4 kobolds
  A quokka (D:3)
  4 rats (D:1)
52 creatures vanquished.

Notes
Turn   | Place    | Note
-------+----------+-------------------------------------------
     0 | D:1      | sankara the Halfling Gladiator began the quest for the Orb.
     0 | D:1      | Reached XP level 1. HP: 14/14 MP: 1/1
    49 | D:1      | Reached XP level 2. HP: 12/19 MP: 2/2
    52 | D:1      | Reached skill level 4 in Short Blades
   186 | D:1      | Reached skill level 1 in Stealth
   359 | D:1      | Reached XP level 3. HP: 24/24 MP: 3/3
   824 | D:2      | Reached skill level 1 in Armour
   824 | D:2      | Reached XP level 4. HP: 19/29 MP: 4/4
  1035 | D:2      | Reached skill level 2 in Stealth
  1142 | D:2      | Found a shimmering altar of Xom.
  1400 | D:3      | Reached skill level 5 in Short Blades
  1400 | D:3      | Reached skill level 4 in Dodging
  1400 | D:3      | Reached XP level 5. HP: 34/34 MP: 5/5
  1444 | D:3      | Found a glowing golden altar of the Shining One.
  1486 | D:3      | Found a glowing golden altar of the Shining One.
  1528 | D:3      | HP: 6/34 [orc priest (4)]
  2094 | D:3      | HP: 3/34 [gnoll/+0 spear (7)]
  2094 | D:3      | Killed from afar by an orc priest

Levels and vault maps discovered:
D:1:      eino_arrival_water_cross, layout_rooms
D:2:      layout_basic, xom_teletrap_fun, first_ration
D:3:      layout_rooms, nicolae_overflow_crystal_walls,
          minmay_tree_intersection, tso_altar

Skill      XL: |  1  2  3  4 |
---------------+-------------+-----
Short Blades   | 4 5 |  5.1
Stealth        | 1 2 |  2.1
Armour         | 1 |  1.5
Dodging        | 4 |  4.0
Fighting       | |  1.7
Throwing       | |  2.0
Shields        | |  0.4

Action                   |  1- 3 |  4- 6 || total
-------------------------+-------+-------++-------
Melee: Rapier            |   125 |    77 ||   202
Throw: Stone             |       |     1 ||     1
 Stab: Sleeping          |     1 |     1 ||     2
  Eat: Chunk             |       |     4 ||     4
Armor: Leather armour    |    30 |    20 ||    50
Dodge: Dodged            |   111 |    53 ||   164
Block: Buckler           |       |    14 ||    14

Table legend:
 A = Non-vault XP
 B = Vault XP
 C = Vault XP percentage of total XP
 D = Non-vault monster count
 E = Vault monster count
 F = Vault count percentage of total count
                 A         B        C        D         E       F
            +---------+---------+-------+---------+---------+-------
      Total |     161 |       0 |   0.0 |      52 |       0 |   0.0
            +---------+---------+-------+---------+---------+-------
        D:1 |      44 |       0 |   0.0 |      25 |       0 |   0.0
        D:2 |      93 |       0 |   0.0 |      20 |       0 |   0.0
        D:3 |      24 |       0 |   0.0 |       7 |       0 |   0.0
            +---------+---------+-------+---------+---------+-------

Levels and vault maps discovered:
D:1:      eino_arrival_water_cross, layout_rooms
D:2:      layout_basic, xom_teletrap_fun, first_ration
D:3:      layout_rooms, nicolae_overflow_crystal_walls,
          minmay_tree_intersection, tso_altar

Table legend:
 A = Turns spent in this place as a percentage of turns spent in the entire game.
 B = Non-inter-level travel turns spent in this place as a percentage of non-inter-level travel turns spent in the entire game.
 C = Inter-level travel turns spent in this place as a percentage of turns spent in this place.
 D = Turns resting spent in this place as a percentage of non-inter-level travel turns spent in this place.
 E = Turns spent auto-exploring this place as a percentage of non-inter-level travel turns spent in this place.
 F = Non-inter-level travel turns spent in this place divided by the number of levels of this place that you've seen.
                   A       B       C       D       E      F
               +-------+-------+-------+-------+-------+----------------------
         Total | 100.0 | 100.0 |   3.9 |  35.7 |  36.5 | 671.0
       Dungeon | 100.0 | 100.0 |   3.9 |  35.7 |  36.5 | 671.0
               +-------+-------+-------+-------+-------+----------------------

Table legend:
 A = Kills in this place as a percentage of kills in entire the game.
 B = Kills by you in this place as a percentage of kills by you in the entire game.
 C = Kills by friends in this place as a percentage of kills by friends in the entire game.
 D = Other kills in this place as a percentage of other kills in the entire game.
 E = Experience gained in this place as a percentage of experience gained in the entire game.
 F = Experience gained in this place divided by the number of levels of this place that you have seen.
                   A       B       C       D       E      F
               +-------+-------+-------+-------+-------+----------------------
         Total | 100.0 | 100.0 |   N/A |   N/A | 100.0 |  53.7
       Dungeon | 100.0 | 100.0 |   N/A |   N/A | 100.0 |  53.7
               +-------+-------+-------+-------+-------+----------------------
